[Event "Live Chess"]
[Site "Chess.com"]
[Date "2023.05.21"]
[Round "-"]
[White "BillythekidFellowes"]
[Black "domrobson"]
[Result "1-0"]
[WhiteElo "2124"]
[BlackElo "1791"]
[TimeControl "300"]
[EndTime "8:23:36 PDT"]
[Termination "BillythekidFellowes won by resignation"]

1. e4 e5 2. Nf3 Nc6 3. Bc4 Nf6 4. d3 Bc5 5. Bg5 a6 6. Nc3 h6 7. Bh4 b5 8. Bb3 g5 9. Nxg5 hxg5 10.
Bxg5 Rg8 11. h4 Rg6 12. Nd5 Be7 13. Nxe7 Nxe7 14. Qf3 Neg8 15. O-O-O d6 16. Rde1 Be6 17. Bxe6 fxe6 18. Qg3 Qe7 19. h5 Nxh5 20. Rxh5 1-0

[Event "Live Chess"]
[Site "Chess.com"]
[Date "2023.05.21"]
[Round "-"]
[White "mattihelenius2"]
[Black "robotking06"]
[Result "0-1"]
[WhiteElo "483"]
[BlackElo "327"]
[TimeControl "300"]
[EndTime "8:23:49 PDT"]
[Termination "robotking06 won by checkmate"]

1. d4 d5 2. Nf3 Nc6 3. b3 Qd6 4.
c4 dxc4 5. bxc4 e5 6. e3 exd4 7. exd4 Qe6+ 8. Ne5 Nxe5 9. dxe5 Qxe5+ 10. Be3 Qxa1 11. Nc3 Qxd1+ 12. Nxd1 Bg4 13. f3 Bh5 14. c5 O-O-O 15. Bc4 b6 16. c6 Bb4+ 17. Bd2 Bxd2+ 18. Ke2 Bg5 19. Ne3 Bxe3 20. Kxe3 Nf6 21. Ba6+ Kb8 22. Rc1 Rhe8+ 23. Kf2 Rd2+ 24. Kg3 Rxa2 25. Bb5 Rd2 26. Kf4 Rxg2 27. Bf1 Rxh2 28. Kg3 Rd2 29. Kf4 Nd5+ 30.
Kf5 Rf2 31. Bc4 Ne3+ 32. Kg5 Nxc4 33. Kxh5 Ne3 34. Rc3 Re5+ 35. Kh4 Nf5+ 36. Kg4 Rg2+ 37. Kf4 Rge2 38. Kg5 R2e3 39. Kf4 Rxc3 40. Kxe5 Ng3 41.
f4 Ne2 42. Ke4 Rxc6 43. Ke3 Nc3 44. Kf3 a5 45. Ke3 Nb1 46. Kd3 a4 47. Kd4 a3 48.
Kd5 Rc1 49. Kd4 a2 50. Kd3 a1=Q 51. Ke4 Qc3 52. Kf5 Qd3+ 53. Ke5 Re1# 0-1

[Event "Live Chess"]
[Site "Chess.com"]
[Date "2023.05.21"]
[Round "-"]
[White "davigator"]
[Black "GMHarry-youtube"]
[Result "1-0"]
[WhiteElo "2307"]
[BlackElo "2004"]
[TimeControl "300"]
[EndTime "8:23:50 PDT"]
[Termination "davigator won by checkmate"]

1. e4 c5 2. Nf3 d6 3. d4 cxd4 4. Nxd4 Nf6 5. Nc3 g6 6. Be3 Bg7 7. f3 O-O 8. Qd2 Nc6 9. Bc4 Nxd4 10. Bxd4 Be6 11. Bxe6 fxe6 12. O-O-O e5 13. Be3 a6 14.
Bh6 b5 15. h4 Qa5 16. Kb1 b4 17. Ne2 Qb5 18. h5 Nxh5 19. Bxg7 Kxg7 20. g4 Nf4 21.
Nc1 a5 22. Rh2 a4 23. Rdh1 Rh8 24. Nd3 Nxd3 25. cxd3 b3 26. a3 Rac8 27. Qe3 Rc2 28. Rxc2 bxc2+ 29. Kxc2 Rc8+ 30. Kb1 Rb8 31. Rh2 Qb3 32.
Qh6+ Kf6 33. Rd2 Qxa3 34. g5+ Kf7 35. Qxh7+ Ke6 36. Qh3+ Kf7 37. Qh7+ Ke6 38. Qxg6+ Kd7 39. Qf5+ Ke8 40. Qg6+ Kd7 41. Qf7 Qb3 42. Qxb3 axb3 43. Rg2 Rh8 44. Kc1 Ke6 45. Kd2 Rc8 46. Ke3 Kf7 47. f4 exf4+ 48. Kxf4 Rc2 49. Kf3 Kg6 50. d4 Rxg2 51. Kxg2 Kxg5 52. Kf3 e6 53. Kg3 d5 54.
Kf3 Kg6 55. exd5 exd5 56. Kg4 Kf6 57. Kf4 Ke6 58. Kg5 Kd6 59. Kf5 Kc6 60. Ke5 Kb5 61.
Kxd5 Kb4 62. Ke4 Kc4 63. d5 Kc5 64. Ke5 Kc4 65. d6 Kd3 66. d7 Kc2 67. d8=Q Kxb2 68.
Kd4 Kc2 69. Qc7+ Kb2 70. Kc4 Kc2 71. Qh2+ Kd1 72. Kd3 Kc1 73. Kc3 Kd1 74. Qd2# 1-0

[Event "Live Chess"]
[Site "Chess.com"]
[Date "2023.05.21"]
[Round "-"]
[White "manthanit"]
[Black "JanMur7"]
[Result "0-1"]
[WhiteElo "1103"]
[BlackElo "1964"]
[TimeControl "300"]
[EndTime "8:23:54 PDT"]
[Termination "JanMur7 won by resignation"]

1. e4 e5 2. Nf3 Nc6 3. Bc4 Bc5 4. h3 Nf6 5. d3 d6 6. O-O a6 7. a4 h6 8. Nc3 g5 9. Nd5 g4 10. hxg4 Bxg4 11. Nh2 Bxd1 12. Re1 Bxc2 0-1

[Event "Live Chess"]
[Site "Chess.com"]
[Date "2023.05.21"]
[Round "-"]
[White "JohanKjeldahl"]
[Black "garyjc"]
[Result "1-0"]
[WhiteElo "1886"]
[BlackElo "1080"]
[TimeControl "300"]
[EndTime "8:23:56 PDT"]
[Termination "JohanKjeldahl won by resignation"]

1. e4 c5 2. Nf3 a6 3. d4 cxd4 4. Nxd4 e5 5. Nf3 Bd6 6. Qxd6 Nf6 7. Qxe5+ Kf8 8. Bg5 Nc6 9. Qd6+ Kg8 10. e5 Qa5+ 11. Bd2 Qb6 12. exf6 Qxb2 13. fxg7 Kxg7 14. Bc3+ Kg8 1-0

[Event "Live Chess"]
[Site "Chess.com"]
[Date "2023.05.21"]
[Round "-"]
[White "AttackingSnowLeopard"]
[Black "PaulyD81"]
[Result "1-0"]
[WhiteElo "2165"]
[BlackElo "1145"]
[TimeControl "300"]
[EndTime "8:23:58 PDT"]
[Termination "AttackingSnowLeopard won by resignation"]

1. d4 Nf6 2. c4 e6 3. Nf3 Bb4+ 4. Bd2 Bxd2+ 5. Qxd2 d5 6. Nc3 c6 7. e3 Nbd7 8. Be2 O-O 9. O-O b6 10. Qc2 c5 11. cxd5 cxd4 12. Nxd4 exd5 13. Nc6 Qe8 14. b4 Bb7 15. Nd4 a5 16. bxa5 Rxa5 17. Ncb5 Ra8 18. Nc7 Qc8 19. Nxa8 Qxc2 20. Nxc2 Rxa8 21. Nd4 Ne4 22.
Bd3 Nd2 23. Rfd1 Ba6 24. Bxa6 Rxa6 25. Rxd2 1-0

[Event "Live Chess"]
[Site "Chess.com"]
[Date "2023.05.21"]
[Round "-"]
[White "Tiltador"]
[Black "DfNn"]
[Result "0-1"]
[WhiteElo "906"]
[BlackElo "1544"]
[TimeControl "300"]
[EndTime "8:24:00 PDT"]
[Termination "DfNn won by checkmate"]

1. d4 f5 2. e3 Nf6 3. c3 e6 4. Nf3 Be7 5. Ne5 O-O 6. Bc4 d6 7. Nf3 Ne4 8. O-O Nc6 9. b3 a6 10. Bd3 Ng5 11. Nxg5 Bxg5 12. e4 fxe4 13. Bxg5 Qxg5 14.
Bxe4 e5 15. Bxc6 bxc6 16. dxe5 Bh3 17. g3 Bxf1 18. Qxf1 dxe5 19. Na3 Rf3 20. c4 Raf8 21. Nc2 Qd2 22. Na3 Rxf2 23. Qd1 Rg2+ 24. Kh1 Rxh2+ 25. Kg1 Qg2# 0-1

[Event "Live Chess"]
[Site "Chess.com"]
[Date "2023.05.21"]
[Round "-"]
[White "whatnot126"]
[Black "nitrofish07"]
[Result "1-0"]
[WhiteElo "2070"]
[BlackElo "1810"]
[TimeControl "300"]
[EndTime "8:24:04 PDT"]
[Termination "whatnot126 won by resignation"]

1. e4 c5 2. c3 d5 3. exd5 Qxd5 4. d4 g6 5. Nf3 Bg4 6. Nbd2 Bg7 7. Bc4 Qd8 8. Bxf7+ Kf8 9. Bc4 Nf6 10. O-O cxd4 11.
cxd4 Nc6 12. h3 Bh5 13. g4 Nxg4 14. hxg4 Bxg4 15. Qe2 Nxd4 16. Qe4 Nxf3+ 17. Nxf3 Bxf3 18. Qxf3+ Bf6 19. Bh6+ Ke8 20. Bb5+ Kf7 21. Bc4+ Ke8 22. Qxb7 Rb8 23. Qc6+ Qd7 24. Bf7+ Kd8 25. Qc4 Rxb2 26. Be6 Qc7 27. Rad1+ Ke8 28. Qxc7 1-0

[Event "Live Chess"]
[Site "Chess.com"]
[Date "2023.05.21"]
[Round "-"]
[White "youtookmyhorse"]
[Black "Rusty_Bridges"]
[Result "0-1"]
[WhiteElo "770"]
[BlackElo "1523"]
[TimeControl "300"]
[EndTime "8:24:18 PDT"]
[Termination "Rusty_Bridges won by checkmate"]

1. e4 d6 2. Nc3 Nf6 3. Nf3 Nbd7 4. Bc4 h6 5. O-O e5 6. Nd5 Be7 7. Nxf6+ Nxf6 8. d3 Bg4 9. Be3 c6 10. Qe2 b5 11.
Bb3 a5 12. a3 a4 13. Ba2 c5 14. c4 b4 15. h3 Bh5 16. g4 Bg6 17. Nh4 Bh7 18.
Qf3 b3 19. Bb1 Nh5 20. Bd2 Bxh4 21. gxh5 g6 22. hxg6 Bxg6 23. Kh2 Qd7 24. Rg1 O-O-O 25. Qg4 Qxg4 26. Rxg4 Be7 27. h4 Rdg8 28. f4 Bh5 29. Rxg8+ Rxg8 30. fxe5 dxe5 31. Bxh6 Bxh4 32. Be3 Be7 33. d4 exd4 34. Bf4 Kd7 35. e5 Kc6 36. Be4+ Kd7 37. Rg1 Rxg1 38. Kxg1 Be2 39. Bf5+ Ke8 40. e6 fxe6 41. Bxe6 Bf6 42. Bd6 d3 43. Bf4 Bxb2 44.
Bg4 Bxg4 45. Kf2 Bxa3 46. Ke1 b2 47. Kd2 b1=Q 48. Ke3 Bc1+ 49. Ke4 Bxf4 50. Kxf4 d2 51. Kxg4 d1=Q+ 52. Kf4 Qbd3 53. Ke5 Q1e2+ 54. Kf4 Qdf3+ 55. Kg5 Qeg2+ 56. Kh4 Qfh3# 0-1

[Event "Live Chess"]
[Site "Chess.com"]
[Date "2023.05.21"]
[Round "-"]
[White "stevochess11"]
[Black "1600x"]
[Result "0-1"]
[WhiteElo "1666"]
[BlackElo "1928"]
[TimeControl "300"]
[EndTime "8:24:26 PDT"]
[Termination "1600x won by checkmate"]

1. d4 e5 2. Nf3 e4 3. Ne5 d6 4.
Nc4 c6 5. f3 d5 6. Ne3 f5 7. g3 h6 8. c4 f4 9. gxf4 Bb4+ 10. Bd2 Qh4# 0-1

[Event "Live Chess"]
[Site "Chess.com"]
[Date "2023.05.21"]
[Round "-"]
[White "NomisY"]
[Black "raminguy"]
[Result "1-0"]
[WhiteElo "1567"]
[BlackElo "1934"]
[TimeControl "300"]
[EndTime "8:24:39 PDT"]
[Termination "NomisY won by resignation"]

1. d3 d5 2. Nf3 Nf6 3. g3 c5 4. Bg2 Nc6 5. O-O e5 6. c4 d4 7. e3 Be7 8. exd4 exd4 9. Re1 O-O 10. Bf4 Bf5 11. Ne5 Nxe5 12. Bxe5 Qc8 13. Qf3 Re8 14. Qxb7 Qxb7 15. Bxb7 Rad8 16. Nd2 Bxd3 17. Bc6 Rf8 18.
Bc7 Bd6 19. Bxd8 Rxd8 20. Rad1 Bc2 21. Rc1 Bf5 22. Ne4 Nxe4 23. Bxe4 Be6 24. b3 g6 25. Kg2 Rb8 26. f4 Rb6 27. Rc2 a5 28. Rf2 a4 29. f5 Bd7 30. fxg6 fxg6 31. Bd5+ Kh8 32. Rf7 1-0

[Event "Live Chess"]
[Site "Chess.com"]
[Date "2023.05.21"]
[Round "-"]
[White "bedsdrout"]
[Black "McSlash1"]
[Result "1-0"]
[WhiteElo "1814"]
[BlackElo "1973"]
[TimeControl "300"]
[EndTime "8:24:58 PDT"]
[Termination "bedsdrout won by resignation"]

1. e4 c5 2. Nc3 Nc6 3. Nf3 g6 4. Bb5 Bg7 5. Bxc6 bxc6 6. d3 d6 7. e5 d5 8. O-O e6 9. b3 Ne7 10.
Na4 c4 11. dxc4 O-O 12. Ba3 Re8 13. Re1 Bb7 14. Nd4 a6 15. Bd6 Nc8 16. c5 Nxd6 17. cxd6 Rc8 18. b4 f6 19. Nc5 Rb8 20. Ndxe6 Rxe6 21. Nxe6 Qe8 22. Nxg7 Kxg7 23. exf6+ 1-0

[Event "Live Chess"]
[Site "Chess.com"]
[Date "2023.05.21"]
[Round "-"]
[White "yarek"]
[Black "Ed_Knox"]
[Result "1-0"]
[WhiteElo "1863"]
[BlackElo "1475"]
[TimeControl "300"]
[EndTime "8:25:05 PDT"]
[Termination "yarek won by checkmate"]

1. e4 d5 2. Nf3 dxe4 3. Ng5 e3 4. fxe3 e5 5. Nf3 Nc6 6. Be2 Nf6 7. O-O Bc5 8. Nc3 O-O 9. d3 Re8 10. Kh1 b6 11. e4 Bb7 12. Bg5 Qd6 13. Bxf6 Qxf6 14.
Nd5 Qd6 15. Ng5 Ne7 16. Nxf7 Qg6 17. Nxc7 Rf8 18. Bh5 Qc6 19. Nxa8 Bxa8 20. Qg4 Ng6 21. Bxg6 hxg6 22. Nxe5 Rxf1+ 23. Rxf1 Qd6 24. Qc8+ Qf8 25. Rxf8+ Bxf8 26. Qxa8 g5 27. Qxa7 g4 28. Qf7+ Kh7 29. Qxf8 g3 30. hxg3 b5 31. Qf5+ g6 32.
Qxg6+ Kh8 33. Nf7# 1-0

[Event "Live Chess"]
[Site "Chess.com"]
[Date "2023.05.21"]
[Round "-"]
[White "Cimon"]
[Black "SavagePawn7"]
[Result "1-0"]
[WhiteElo "1844"]
[BlackElo "777"]
[TimeControl "300"]
[EndTime "8:25:05 PDT"]
[Termination "Cimon won by resignation"]

1. b3 e5 2. Bb2 Nc6 3. e3 a5 4.
Nf3 a4 5. d4 exd4 6. exd4 axb3 7. cxb3 d5 8. Be2 Bg4 9. O-O Qf6 10.
Qd3 O-O-O 11. a3 Bxf3 12. Bxf3 g6 13. Nc3 Bg7 14. Nxd5 Rxd5 15. Bxd5 Nxd4 16. Bxd4 Qxd4 17. Qxd4 Bxd4 18. Rad1 Bb6 19. Bxf7 Nf6 20. Be6+ Kb8 21.
h3 Re8 22. Bc4 1-0

[Event "Live Chess"]
[Site "Chess.com"]
[Date "2023.05.21"]
[Round "-"]
[White "mattihelenius2"]
[Black "manthanit"]
[Result "0-1"]
[WhiteElo "483"]
[BlackElo "1103"]
[TimeControl "300"]
[EndTime "8:25:21 PDT"]
[Termination "manthanit won by checkmate"]

1. d4 e6 2. e4 d5 3. c3 dxe4 4. f3 Nf6 5. fxe4 Nxe4 6. Nf3 Be7 7. Qd3 Nf6 8. Ne5 Nbd7 9. Qb5 O-O 10. Bg5 Nxe5 11.
Bxf6 Bxf6 12. dxe5 Bg5 13. Nd2 Qxd2# 0-1

[Event "Live Chess"]
[Site "Chess.com"]
[Date "2023.05.21"]
[Round "-"]
[White "HonestJoe1"]
[Black "chessfiction"]
[Result "0-1"]
[WhiteElo "2094"]
[BlackElo "2297"]
[TimeControl "300"]
[EndTime "8:25:24 PDT"]
[Termination "chessfiction won by resignation"]

1. d4 d6 2. e4 Nf6 3. Nc3 c6 4. Bg5 Nbd7 5. f4 Qa5 6. Qd2 e5 7. dxe5 dxe5 8. O-O-O Bb4 9. fxe5 Nxe4 10. Qf4 Nxc3 11.
bxc3 Bxc3 12. Rd3 Bxe5 13. Qe3 O-O 14. Nf3 Qxa2 0-1

[Event "Live Chess"]
[Site "Chess.com"]
[Date "2023.05.21"]
[Round "-"]
[White "diana21strabt"]
[Black "KeithArkell"]
[Result "1/2-1/2"]
[WhiteElo "1755"]
[BlackElo "2455"]
[TimeControl "300"]
[EndTime "8:25:49 PDT"]
[Termination "Game drawn by repetition"]

1. e4 c6 2. d4 d5 3. Nc3 dxe4 4. Nxe4 Nd7 5. Nf3 Ngf6 6. Bd3 Nxe4 7. Bxe4 Nf6 8. Bd3 Bg4 9. Be3 e6 10. O-O Be7 11. h3 Bxf3 12. Qxf3 O-O 13. Rad1 Qd5 14.
Qxd5 Nxd5 15. c4 Nxe3 16. fxe3 Rfd8 17. Be4 Rd7 18. Rd3 Rad8 19. Rfd1 f5 20. Bf3 Bf6 21. b3 c5 22. d5 e5 23. e4 g6 24. g4 f4 25. Rb1 Be7 26. Kg2 Bd6 27. Rdd1 a6 28.
Kf2 b5 29. Kg2 Rb8 30. Be2 b4 31. Ra1 a5 32. Bd3 h5 33. Kf3 hxg4+ 34. hxg4 Kg7 35.
Rh1 Kf6 36. Rh6 Kg5 37. Rah1 a4 38. Bc2 axb3 39. Bxb3 Ra8 40. Rh7 Rda7 41. Rxa7 Rxa7 42. Rh8 Be7 43. Rh7 Rc7 44. Bc2 Bd6 45. Rxc7 Bxc7 46. Ba4 Kh4 47. Bb3 Kh3 48. Bd1 Kh2 49. Kf2 Bd6 50.
Bf3 Be7 51. Bg2 Bh4+ 52. Kf3 Kg1 53. Bh3 Be7 54. Bg2 Bd6 55. Bh3 Kh2 56. Bg2 Be7 57. Bf1 Kh1 58. Kf2 Bh4+ 59. Kf3 Kg1 60. Bg2 Be7 61.
Bh3 Bd6 62. Bg2 Be7 63. Bh3 Bd6 64. Bg2 Be7 1/2-1/2

[Event "Live Chess"]
[Site "Chess.com"]
[Date "2023.05.21"]
[Round "-"]
[White "LaupMiths"]
[Black "jimwad"]
[Result "1-0"]
[WhiteElo "1816"]
[BlackElo "1217"]
[TimeControl "300"]
[EndTime "8:25:50 PDT"]
[Termination "LaupMiths won by resignation"]

1. d4 d5 2. c4 c6 3. Nf3 Nf6 4.
e3 Bg4 5. b3 Nbd7 6. Be2 e6 7.
O-O Be7 8. Bb2 O-O 9. Nbd2 c5 10. h3 Bxf3 11. Nxf3 cxd4 12. Bxd4 dxc4 13. Bxc4 Rc8 14. Qe2 a6 15. Rfd1 b5 16. Bd3 Nd5 17. Bb2 Bf6 18. Bxf6 N7xf6 19. Qb2 Qb6 20. Ne5 Rc7 21. g4 Rfc8 22. g5 Ne8 23. Be4 Nc3 24. Rd4 Nxe4 25. Rxe4 Rc2 26. Qd4 Qxd4 27. Rxd4 g6 28. Rd7 R2c7 29.
Rad1 Rxd7 30. Rxd7 Rc7 31. Rd8 Kf8 32. Ra8 Rc5 33. f4 Rc3 34. Rxa6 Rxe3 35. Kg2 Re2+ 36. Kf3 Rh2 37. Kg3 Rc2 38. Ra7 Rc7 39. Ra8 Ke7 40. a4 bxa4 41. bxa4 Nd6 42. h4 Nf5+ 43.
Kf2 Nxh4 44. Rh8 Nf5 45. Rxh7 Kd6 46. Rxf7 Rxf7 47. Nxf7+ Kc6 48. Nd8+ Kd7 49. Nf7 Kc6 50. Ne5+ Kb6 51. Nxg6 Ka5 52. Nf8 Ng7 53. Ke3 Kxa4 54. Ke4 Kb5 55. Ke5 Kc6 56. Nxe6 Ne8 57. Nf8 Kc7 58. Ke6 Ng7+ 59. Ke7 Nf5+ 60. Kf6 Nd6 61. g6 Ne8+ 62. Kf7 Nd6+ 63. Ke6 Ne8 64. f5 Ng7+ 65.
Kf6 Nxf5 66. Kxf5 Kd8 67. g7 Ke8 68. g8=Q Ke7 69. Qe6+ Kxf8 70. Qd7 Kg8 71. Kg6 1-0

[Event "Live Chess"]
[Site "Chess.com"]
[Date "2023.05.21"]
[Round "-"]
[White "Olisingapore"]
[Black "Bob2pen"]
[Result "1/2-1/2"]
[WhiteElo "1810"]
[BlackElo "1880"]
[TimeControl "300"]
[EndTime "8:25:51 PDT"]
[Termination "Game drawn by agreement"]

1. d4 Nf6 2. c4 c5 3. d5 e6 4. Nc3 exd5 5. cxd5 d6 6. g3 g6 7. Bg2 Bg7 8. Nf3 O-O 9. O-O Re8 10. Bf4 a6 11. a4 Bg4 12. Re1 Qe7 13. Nh4 Nh5 14. Bd2 Qd7 15. a5 Bh3 16. Na4 Bxg2 17. Kxg2 Qe7 18. Nb6 Ra7 19. e4 Nd7 20. Qc2 Nxb6 21. axb6 Raa8 22. Nf3 Rac8 23. Bc3 Qd8 24. Ba5 Qf6 25.
Rab1 Qe7 26. Qd2 Nf6 27. Qd3 Nd7 28. Re3 Ne5 29. Nxe5 Qxe5 30. Bc3 Qe7 31. Bxg7 Kxg7 32. h4 Qf6 33. Qe2 Re7 34. Rc1 Rce8 35. f3 Qe5 36. b4 cxb4 37. Rc7 Qd4 38. Rxe7 Rxe7 39. Rd3 Qxb6 40.
Qb2+ Kg8 41. Rc3 Rc7 42. Rxc7 Qxc7 43. Qxb4 h5 44. e5 dxe5 45. d6 Qd7 46. Qc5 Kg7 47. Qc7 Qb5 48. d7 Qe2+ 49. Kh3 Qf1+ 50. Kh2 Qf2+ 51.
Kh3 Qf1+ 52. Kh2 Qf2+ 1/2-1/2

[Event "Live Chess"]
[Site "Chess.com"]
[Date "2023.05.21"]
[Round "-"]
[White "lord_cll"]
[Black "ms_lilley"]
[Result "1-0"]
[WhiteElo "1207"]
[BlackElo "603"]
[TimeControl "300"]
[EndTime "8:25:51 PDT"]
[Termination "lord_cll won by checkmate"]

1. e4 e6 2. d4 d5 3. e5 Ne7 4. Nf3 h6 5. c3 Nf5 6. Nbd2 Nh4 7. g3 Nxf3+ 8. Nxf3 a6 9. Bg2 b5 10. O-O c5 11. Ne1 c4 12. f4 Nc6 13. Nc2 Be7 14. Ne3 O-O 15. f5 exf5 16. Nxf5 Bxf5 17. Rxf5 f6 18. Qg4 Kf7 19. e6+ Kxe6 20. Rxd5+ Kf7 21. Rxd8 Raxd8 22. Bxc6 Rd6 23. Bg2 g5 24. Qh5+ Kg7 25. Bd2 f5 26. Re1 Bf6 27. h4 g4 28. Bxh6+ Kg8 29.
Bxf8 Bg7 30. Bxg7 Kxg7 31. Re7+ Kf8 32. Qf7# 1-0

[Event "Live Chess"]
[Site "Chess.com"]
[Date "2023.05.21"]
[Round "-"]
[White "NatashaRegan"]
[Black "GEMdzq"]
[Result "0-1"]
[WhiteElo "1715"]
[BlackElo "2226"]
[TimeControl "300"]
[EndTime "8:25:53 PDT"]
[Termination "GEMdzq won on time"]

1. e4 d6 2. d4 Nf6 3. Nc3 g6 4. Be3 Bg7 5. Qd2 c6 6. Bh6 Bxh6 7. Qxh6 b5 8. Bd3 b4 9. Nce2 Qa5 10. Nf3 Nbd7 11.
Ng5 Bb7 12. O-O O-O-O 13. Nxf7 Rhf8 14. Nxd8 Rxd8 15. c3 c5 16. cxb4 Qxb4 17. Rfc1 Kb8 18. Rc4 Qb6 19. d5 Ne5 20. Rc3 c4 21. Bc2 Nfg4 22. Qf4 g5 23. Qf5 Bc8 24. Qxg5 Qxf2+ 25. Kh1 Qxe2 26. Qxe7 Rd7 27. Qf8 Nf2+ 28. Kg1 Nxe4 29.
Bxe4 Qxe4 30. Rac1 Qxd5 31. b3 Qd4+ 32. Kh1 Rf7 33. Qd8 Ng4 34. h3 Nf2+ 35. Kh2 Qf4+ 36. Kg1 Nd3 37. Rxc4 Qf2+ 38. Kh2 Nc5 39. Rxc5 dxc5 40.
Rc4 Qe3 41. Qd6+ Kb7 42. Qd5+ Kb8 43. Qxf7 Qe5+ 44. Qf4 Qxf4+ 45. Rxf4 a5 46. Kg3 a4 0-1

[Event "Live Chess"]
[Site "Chess.com"]
[Date "2023.05.21"]
[Round "-"]
[White "worldchessleaguelive"]
[Black "f4nomore"]
[Result "1-0"]
[WhiteElo "1378"]
[BlackElo "1384"]
[TimeControl "300"]
[EndTime "8:25:54 PDT"]
[Termination "worldchessleaguelive won on time"]

1. d4 g6 2. Bf4 Bg7 3. Nf3 d6 4. e3 Nf6 5. Be2 O-O 6. O-O Nbd7 7. Nbd2 b6 8. Rc1 Bb7 9. c4 c5 10. d5 Nh5 11. Bg3 Nxg3 12. hxg3 Bxb2 13. Rc2 Bg7 14. Re1 Nf6 15. e4 e6 16. Nf1 exd5 17. exd5 a6 18. Bd3 Bc8 19. Rce2 Bg4 20. N1h2 Qc8 21.
Nxg4 Qxg4 22. Re7 Rae8 23. Rxe8 Nxe8 24. Qa4 Nc7 25. Qc6 Na8 26. Qxd6 a5 27. Ne5 Qd4 28. Bf1 Qc3 29. Nd7 Qxe1 30. Nxf8 Bxf8 31. Qc6 Qd2 32.
a4 Qb4 33. d6 Qd2 34. d7 Kg7 35. Qd5 Qxd5 36. cxd5 Be7 37. d6 Bd8 38. Bb5 Kf6 39. Bc6 Ke6 40. Bxa8 Kxd7 41. Bd5 Kxd6 42. Bxf7 Ke5 43. Kf1 Kd4 44. Ke2 c4 45. Kd2 c3+ 46.
Kc2 Be7 47. Bg8 h6 48. Bh7 g5 49. f4 gxf4 50. gxf4 Bf6 51. g4 Ke3 52. f5 Kf4 53. Bg6 Kxg4 54. Kd3 h5 55. Kc2 h4 56. Be8 1-0

[Event "Live Chess"]
[Site "Chess.com"]
[Date "2023.05.21"]
[Round "-"]
[White "DRS44"]
[Black "TheSmoulderingMaster"]
[Result "0-1"]
[WhiteElo "1237"]
[BlackElo "1663"]
[TimeControl "300"]
[EndTime "8:25:55 PDT"]
[Termination "TheSmoulderingMaster won on time"]

1. d4 Nf6 2. c4 g6 3. Nc3 Bg7 4. e4 d6 5. Nf3 O-O 6. e5 Nfd7 7. Bg5 dxe5 8. dxe5 Nxe5 9. Nxe5 Qxd1+ 10. Rxd1 Bxe5 11. Be2 Bxc3+ 12. bxc3 e6 13. O-O Nc6 14. Bf3 e5 15.
Rd2 Be6 16. Bd5 Bxd5 17. cxd5 Na5 18. d6 Nc4 19. Rd5 Nxd6 20. Be7 Rfe8 21. Bxd6 cxd6 22. Rxd6 Rac8 23. Rd3 Rc4 24. Rfd1 Kg7 25. Rd7 Rxc3 26. Rxb7 Ra3 27. h3 Rxa2 28. Rdd7 Rf8 29. g4 a5 30. Kg2 a4 31. Kg3 a3 32. Ra7 Ra1 33. Rd3 a2 34. Rda3 Rg1+ 35. Kh2 a1=Q 36. Rxa1 Rxa1 0-1

[Event "Live Chess"]
[Site "Chess.com"]
[Date "2023.05.21"]
[Round "-"]
[White "ShanthamGrarks"]
[Black "wot-not"]
[Result "1/2-1/2"]
[WhiteElo "1944"]
[BlackElo "1519"]
[TimeControl "300"]
[EndTime "8:25:58 PDT"]
[Termination "Game drawn - insufficient material"]

1. d4 Nf6 2. Nc3 c5 3. e4 cxd4 4. Qxd4 Nc6 5. Qd1 e5 6. f4 Bb4 7. fxe5 Nxe4 8. Bd2 Nxd2 9. Qxd2 O-O 10. Nf3 Nxe5 11.
Nxe5 Re8 12. Qf4 Bxc3+ 13. bxc3 Qe7 14. O-O-O Qxe5 15. Qf3 Qe3+ 16. Kb2 Qxf3 17. gxf3 Re6 18. Bh3 Rb6+ 19. Kc1 d6 20. Bxc8 Rxc8 21. Rd3 Rbc6 22. Kd2 Kf8 23. Re1 b5 24. a3 a5 25. Re4 f5 26. Re6 b4 27. axb4 axb4 28. Rexd6 bxc3+ 29. Ke2 Rxd6 30. Rxd6 Ke7 31. Rb6 Kf7 32. Kd3 Re8 33. Rb7+ Kg6 34. h4 f4 35. Rb5 Re3+ 36. Kd4 Rxf3 37.
h5+ Kh6 38. Ke4 Rf2 39. Kd3 f3 40. Ke3 Rxc2 41. Kxf3 Rh2 42. Rb6+ g6 43. hxg6 hxg6 44. Rc6 c2 45. Kg3 Rd2 46. Kf3 Kh5 47. Ke3 Rh2 48. Kf3 g5 49. Kg3 Rd2 50. Kf3 g4+ 51. Kg3 Re2 52.
Rc5+ Kg6 53. Kxg4 Rg2+ 54. Kf3 Rh2 55. Ke3 Rh3+ 56. Kd2 Rh2+ 57. Kd3 Kf6 58. Rxc2 Rxc2 59. Kxc2 1/2-1/2

[Event "Live Chess"]
[Site "Chess.com"]
[Date "2023.05.21"]
[Round "-"]
[White "jagbama"]
[Black "fretle"]
[Result "0-1"]
[WhiteElo "1193"]
[BlackElo "1802"]
[TimeControl "300"]
[EndTime "8:26:15 PDT"]
[Termination "fretle won on time"]

1. e4 d5 2. Nc3 Nf6 3. e5 Ne4 4. Nxe4 dxe4 5. d4 exd3 6. Bxd3 c6 7. Nf3 g6 8. O-O Bg7 9. Bf4 O-O 10. Qe2 Qb6 11. Rab1 Bg4 12. h3 Bxf3 13. Qxf3 e6 14. Bg5 Bxe5 15. Bf6 Bxf6 16. Qxf6 Nd7 17. Qg5 Nc5 18. Be2 Rad8 19. h4 Rd5 20. Qg4 h5 21. Qg3 Ne4 22. Qe3 Qxe3 23. fxe3 Nd2 24. Bf3 Rc5 25. b4 Rxc2 26. Bd1 Rxa2 27. Bb3 Ra3 28. Rfd1 Rxb3 29. Rxb3 Nxb3 30. Rd3 Nc1 31. Rd2 a5 32. bxa5 Nb3 33. Ra2 Ra8 34. Ra3 Nxa5 35. Kf2 b6 36.
Ke2 Rd8 37. e4 Rc8 38. Kf3 Kg7 39. Kf4 Rd8 40. g4 Rd4 41. g5 c5 42. Ke3 f6 43.
Ra1 f5 44. e5 Re4+ 45. Kd3 Rxe5 46. Rb1 Rd5+ 47. Ke3 Kf7 48. Rxb6 Nc4+ 49. Kf4 Nxb6 0-1

[Event "Live Chess"]
[Site "Chess.com"]
[Date "2023.05.21"]
[Round "-"]
[White "LL220284LL"]
[Black "RichardABates"]
[Result "1/2-1/2"]
[WhiteElo "2235"]
[BlackElo "2186"]
[TimeControl "300"]
[EndTime "8:26:17 PDT"]
[Termination "Game drawn - insufficient material"]

1. e4 c5 2. Nf3 d6 3. d4 cxd4 4. Nxd4 Nf6 5. Nc3 a6 6. h3 e5 7. Nde2 h5 8. Bg5 Be7 9. Bxf6 Bxf6 10. Nd5 Nc6 11. Qd3 Bg5 12. g3 h4 13. f4 exf4 14.
gxf4 Be7 15. O-O-O Be6 16. Nec3 Bf6 17. Kb1 Bd4 18.
Bg2 Qa5 19. Rhe1 O-O 20. f5 Bxc3 21. Nxc3 Nb4 22. Qxd6 Bxa2+ 23. Kc1 Rad8 24. Qf4 Bb3 25. cxb3 Qa1+ 26. Nb1 Rc8+ 27. Kd2 Qxb2+ 28. Ke3 Qxb3+ 29. Kf2 Nd3+ 30. Rxd3 Qxd3 31. Kg1 Rc2 32. e5 Qg3 33. Qxg3 hxg3 34. Bxb7 Rb8 35. Be4 Rc5 36. e6 Re5 37.
exf7+ Kxf7 38. Nc3 Rbe8 39. Kg2 Rc5 40. Re3 a5 41. Kxg3 Rxf5 42. Bd5+ Rxd5 43. Nxd5 Rxe3+ 44. Nxe3 a4 45. Nc4 Kf6 46. Kf4 Kg6 47. Kg4 Kh6 48.
Na3 Kg6 49. h4 Kf6 50. h5 Kf7 51. Kg5 Kf8 52. Kg6 Kg8 53. Kf5 Kh7 54. Kg5 Kg8 55. Nb5 Kh8 56. Kg4 Kh7 57. Kh4 Kh6 58. Nd6 g6 59. Nf7+ Kg7 60. hxg6 Kxg6 61. Ne5+ Kf5 62. Nc4 Ke4 63. Kg4 Kd4 64. Na3 Kc3 65. Kf3 Kb3 66. Nb5 a3 67. Nxa3 1/2-1/2

[Event "Live Chess"]
[Site "Chess.com"]
[Date "2023.05.21"]
[Round "-"]
[White "robotking06"]
[Black "HonestJoe1"]
[Result "0-1"]
[WhiteElo "327"]
[BlackElo "2094"]
[TimeControl "300"]
[EndTime "8:26:36 PDT"]
[Termination "HonestJoe1 won by resignation"]

1. e4 c5 2. d4 cxd4 3. Qxd4 Nc6 4. Qd5 Nf6 5. Qf5 d5 6. Qf3 dxe4 7. Qd3 exd3 8.
Bxd3 e5 9. Bf5 Bxf5 10. Nf3 e4 11.
g3 0-1

[Event "Live Chess"]
[Site "Chess.com"]
[Date "2023.05.21"]
[Round "-"]
[White "LiamClery2020"]
[Black "EdenHazard8"]
[Result "0-1"]
[WhiteElo "2000"]
[BlackElo "1937"]
[TimeControl "300"]
[EndTime "8:26:39 PDT"]
[Termination "EdenHazard8 won by resignation"]

1. e4 c6 2. d4 d5 3. e5 c5 4. dxc5 e6 5. a3 Bxc5 6. b4 Bb6 7. Bb2 a5 8. b5 Nd7 9. Nf3 Ne7 10. Bd3 Nc5 11.
O-O Nxd3 12. Qxd3 O-O 13. a4 Nf5 14. Nbd2 Bd7 15. Rfe1 Rc8 16. Rac1 Qe7 17. c4 dxc4 18. Nxc4 Bc5 19. Nxa5 Bb4 20. Bc3 Rxc3 21. Rxc3 Bxa5 22.
Rec1 Bxc3 23. Qxc3 Rd8 24. Rd1 Be8 25. Rc1 Qd7 26. h3 Nd4 27. Nxd4 Qxd4 28. Qc7 Rd5 29. Qe7 Rd8 30. Rc7 Qa1+ 31. Kh2 Qxe5+ 32. g3 Qf6 33.
Qc5 Rd2 34. Kg1 Qf3 0-1